 Dungeon Crawl Stone Soup version 0.32-a0-898-g7811c86cf0 (webtiles) character file.

Game seed: 18378886438813547675

1923 KennySheep the Covert (level 8, 0/68 HPs)
             Began as an Armataur Warper on Apr 4, 2024.
             Was a Believer of Makhleb.
             Slain by an acid dragon (2 damage)
             ... on level 6 of the Dungeon.
             The game lasted 00:28:43 (6592 turns).

KennySheep the Covert (Armataur Warper)             Turns: 6592, Time: 00:28:43

Health: 0/68       AC:  6    Str: 16 (17) XL:     8   Next: 96%
Magic:  10/10      EV:  8    Int: 12 (13) God:    Makhleb [**....]
Gold:   300        SH:  0    Dex: 10 (12) Spells: 10/10 levels left

rFire   . . .        b - +2 falchion (protect)
rCold   . . .        (no shield)
rNeg    + . .        k - +0 leather armour
rPois   .            (no helmet)
rElec   .            t - +0 cloak
rCorr   .            p - +0 pair of gloves
SInv    .            (no barding)
Will    .....        o - amulet of faith
Stlth   ++++         w - ring of positive energy
HPRegen 0.31/turn    (no ring)
MPRegen 0.12/turn

%: roll, faith
@: no status effects
A: large, deformed body, tough skin 3, armoured tail, rollpage 2
a: Renounce Religion, Minor Destruction


You were on level 6 of the Dungeon.
You worshipped Makhleb.
Makhleb was pleased with you.
You visited 2 branches of the dungeon, and saw 8 of its levels.

You collected 300 gold pieces.

Inventory:

Hand Weapons
 a - a +0 dagger
 b - a +2 falchion of protection (weapon)
 u - a +0 short sword
Missiles
 d - 6 darts of dispersal
 i - 2 curare-tipped darts (quivered)
 l - 10 poisoned darts
Armour
 k - a +0 leather armour (worn)
 p - a +0 pair of gloves (worn)
 t - a +0 cloak (worn)
Jewellery
 m - a ring of ice
 o - an amulet of faith (around neck)
 w - a ring of positive energy (left hand)
Scrolls
 c - a scroll of enchant weapon
 f - 2 scrolls of noise
 n - a scroll of enchant armour
 r - 2 scrolls of identify
 s - a scroll of teleportation
Potions
 e - 2 potions of brilliance
 g - a potion of ambrosia


   Skills:
 + Level 5.0 Fighting
 * Level 7.0 Short Blades
 - Level 0.8 Throwing
 - Level 1.2 Armour
 - Level 1.3 Dodging
 * Level 8.7 Stealth
 - Level 1.7 Spellcasting
 - Level 3.0 Translocations


You had 10 spell levels left.
You didn't know any spells.
Your spell library contained the following spells:

 Spells                   Type           Power      Damage    Failure   Level
 Blink                    Tloc           16%        N/A       16%         2
 Lesser Beckoning         Tloc           16%        N/A       16%         2
 Maxwell's Portable Pile  Tloc           8%         2d(6-16)  30%         3
 Teleport Other           Tloc           8%         N/A       30%         3
 Sandblast                Erth           2%         2d4       34%         1
 Hailstorm                Conj/Ice       1%         3d5       71%         3
 Stone Arrow              Conj/Erth      2%         3d7       71%         3
 Summon Ice Beast         Ice/Summ       1%         N/A       71%         3
 Vhi's Electric Charge    Tloc/Air       8%         N/A       88%         4
 Brom's Barrelling Bould  Conj/Erth      1%         2d3       98%         4
 Iskenderun's Battlesphe  Conj           1%         2d6       100%        5
 Bombard                  Conj/Erth      0%         9d1       100%        6
 Dispersal                Tloc           4%         N/A       100%        6
 Gell's Gavotte           Tloc           4%         2d(13-19) 100%        6
 Permafrost Eruption      Ice/Erth       0%         2x4d1     100%        6
 Sculpt Simulacrum        Ice/Alch       0%         N/A       100%        6
 Spellforged Servitor     Conj/Summ      0%         N/A       100%        7


Dungeon Overview and Level Annotations

Branches:
Dungeon (7/15)             Temple (1/1) D:4

Altars:
Cheibriados
Dithmenos
Elyvilon
Fedhas
Gozag
Hepliaklqana
Kikubaaqudgha
Makhleb
Nemelex Xobeh
Sif Muna
Trog
Uskayaw
Wu Jian
Yredelemnul
Zin
The Shining One

Shops:
D:3 =

Annotations:
D:2 1 runed translucent door, Crazy Yiuf
Temple 2 transporters


Innate Abilities, Weirdness & Mutations

Armour fits poorly on your strangely shaped body.
You have extremely tough skin. (AC +3)
You have a long armoured tail.
You regenerate magic and health when rolling toward enemies. (Rampage Regen)


Message History

Pikel struggles to breathe.
Pikel seems to slow down.
Pikel is severely wounded.
You slash Pikel!
Your weapon exudes an aura of protection.
You kill Pikel!
Makhleb accepts your kill.
You feel better.
With Pikel's spell broken, his former minion thanks you for its freedom.
The lemure departs this earthly plane.
You feel your strength returning.
You feel your intelligence returning.
Your Fighting skill increases to level 5!
Your Short Blades skill increases to level 7!
Your Stealth skill increases to level 8!
i - 3 curare-tipped darts (gained 1)
Things that are here:
a +1 whip of flaming; a +0 robe You feel a little less mighty now.
An acid dragon is nearby!
An acid dragon is nearby!
Throw: 3 darts (curare)
Press: ? - help, Q - select action, (/) - cycle Shift-Dir - straight line, f - acid dragon
Aim: an acid dragon (wandering, hasn't noticed you, 54% to hit)
You throw a curare-tipped dart.
The curare-tipped dart hits the acid dragon.
The acid dragon roars!
The acid dragon spits acid at you. The splash of acid hits you!!
* * * LOW HITPOINT WARNING * * *
You roll towards the acid dragon!
You barely miss the acid dragon.
Your tail-slap misses the acid dragon.
The acid dragon bites you but does no damage.
The acid dragon claws you.
* * * LOW HITPOINT WARNING * * *
You closely miss the acid dragon. The acid dragon bites you!
* * * LOW HITPOINT WARNING * * *
The acid dragon claws you.
* * * LOW HITPOINT WARNING * * *
You barely miss the acid dragon.
Your tail-slap misses the acid dragon.
The acid dragon barely misses you. The acid dragon claws you.
You die...

.....#.....##
##.#..#.......###
####.###.###
#..##.###..#### #...#
#.)### #.###.###.## #.###
##)..# #.# #......# #.#
###.### #.# #####..# #.#
#...# #.# #..# #.######
###.###.# #....
#......###.#..).(## #.####
######...#.####@..## ..#
###...#####D..##.####
###.............#
###########..####.##.......
#........##..####.# ...###.
#...####........#.###..#
###.#####.##.##....#.....
#.....#.##.###.....####.
#####...<..##..#...J#


You could see an acid dragon (catching breath).

Vanquished Creatures
  Pikel (D:6)
  Menkaure (D:5)
  Edmund (D:4)
  4 black bears
  An ogre (D:5)
  A centaur (D:5)
  3 lemures
  3 scorpions
  A bombardier beetle (D:5)
  2 hounds
  2 jellies
  An orc priest (D:6)
  2 iguanas
  Natasha (thrice) (D:4)
  2 orc wizards
  4 gnolls (D:5)
  4 adders
  A shadow imp (D:5)
  2 ufetubi (D:6)
  3 dart slugs
  A ribbon worm (D:2)
  19 orcs
  2 bats
  6 endoplasms
  2 giant cockroaches
  8 goblins
  7 hobgoblins
  5 ball pythons
  5 frilled lizards
  9 kobolds
  4 rats
110 creatures vanquished.

Notes
Turn   | Place    | Note
-------+----------+-------------------------------------------
     0 | D:1      | KennySheep the Armataur Warper began the quest for the Orb.
     0 | D:1      | Reached XP level 1. HP: 17/17 MP: 3/3
   318 | D:1      | Reached skill level 1 in Stealth
   436 | D:1      | Reached XP level 2. HP: 24/24 MP: 4/4
  1422 | D:2      | Reached XP level 3. HP: 29/29 MP: 5/5
  1571 | D:2      | Found a runed translucent door.
  1572 | D:2      | Noticed Crazy Yiuf
  1620 | D:2      | Reached skill level 2 in Stealth
  1941 | D:3      | Found a glowing golden altar of the Shining One.
  2005 | D:3      | Found Dopsos's Jewellery Emporium.
  2295 | D:3      | Found a burning altar of Makhleb.
  2318 | D:3      | Became a worshipper of Makhleb the Destroyer
  2696 | D:3      | Found a shadowy altar of Dithmenos.
  2745 | D:3      | Reached XP level 4. HP: 37/37 MP: 6/6
  3009 | D:4      | Noticed a black bear
  3024 | D:4      | Killed a black bear
  3025 | D:4      | Reached skill level 3 in Stealth
  3025 | D:4      | Reached XP level 5. HP: 30/42 MP: 7/7
  3025 | D:4      | Found a snail-covered altar of Cheibriados.
  3041 | D:4      | Found a glowing silver altar of Zin.
  3045 | D:4      | Found a hazy altar of Hepliaklqana.
  3045 | D:4      | Found a bloodstained altar of Trog.
  3053 | D:4      | HP: 1/42 [iguana (12)]
  3419 | D:4      | Noticed Natasha
  3424 | D:4      | Killed Natasha
  3425 | D:4      | Reached skill level 4 in Stealth
  3439 | D:4      | Found a staircase to the Ecumenical Temple.
  3439 | D:4      | Noticed a black bear
  3455 | D:4      | Killed a black bear
  3456 | D:4      | Reached XP level 6. HP: 19/51 MP: 8/8
  3586 | Temple   | Found a transporter.
  3586 | Temple   | Found a transporter.
  3586 | Temple   | Found a transporter.
  3586 | Temple   | Found a transporter.
  3586 | Temple   | Entered the Ecumenical Temple
  3619 | D:4      | Found an ancient bone altar of Kikubaaqudgha.
  3656 | D:4      | Noticed Natasha
  3681 | D:4      | Killed Natasha
  3701 | D:4      | Noticed Natasha
  3709 | D:4      | Killed Natasha
  3777 | D:4      | You fall into a shaft and drop 3 floors!
  3971 | D:6      | Reached * piety under Makhleb
  4215 | D:6      | Reached skill level 5 in Stealth
  4390 | D:5      | Entered Level 5 of the Dungeon
  4639 | D:5      | Noticed Menkaure
  4657 | D:5      | Gained mutation: You regenerate magic and health when
                  | rolling toward enemies. (Rampage Regen) [Armataur growth]
  4657 | D:5      | Reached XP level 7. HP: 57/57 MP: 9/9
  4917 | D:5      | Reached skill level 5 in Short Blades
  4990 | D:5      | Killed Menkaure
  4991 | D:5      | Reached skill level 6 in Stealth
  5193 | D:5      | Found an ornate altar of the Wu Jian Council.
  5225 | D:5      | Reached XP level 8. HP: 49/66 MP: 10/10
  5234 | D:5      | Reached skill level 7 in Stealth
  5507 | D:4      | Noticed Edmund
  5525 | D:4      | HP: 1/66 [Edmund/+7 flail of protection (14)]
  5538 | D:4      | Killed Edmund
  6067 | D:6      | Noticed Pikel
  6071 | D:6      | Reached ** piety under Makhleb
  6551 | D:6      | Killed Pikel
  6552 | D:6      | Reached skill level 5 in Fighting
  6552 | D:6      | Reached skill level 8 in Stealth
  6591 | D:6      | HP: 2/68 [acid dragon (4)]
  6592 | D:6      | Slain by an acid dragon

Illustrated notes

Levels and vault maps discovered:
D:1:      lemuel_arrival_hallway, layout_basic, serial_forest,
          infiniplex_forest_lined_1, infiniplex_forest_straight_2,
          infiniplex_forest_lined_3, infiniplex_forest_clump_long,
          infiniplex_forest_straight_4
D:2:      layout_basic, uniq_crazy_yiuf_cottage
D:3:      layout_basic, mainiacjoe_overflow_six_doors_small,
          nicolae_overflow_crystal_walls, mainiacjoe_overflow_tiny_flanked,
          serial_shops, shop
D:4:      layout_loops_cross, mainiacjoe_overflow_small_starburst,
          chequers_temple_overflow_statue_of_worship, kennysheep_little_box,
          minmay_temple_entry_nine_rooms, serial_bayou_lagoon_a, uniq_natasha,
          uniq_edmund
D:5:      layout_basic, mainiacjoe_overflow_boulevard,
          hangedman_abyss_or_decor_slice, uniq_menkaure
D:6:      layout_rooms, serial_library_hellmonk_u_bend, uniq_pikel
D:7:      layout_rooms, xom_teletrap_fun, mainiacjoe_overflow_paths,
          minmay_shop_grid_forest, feat_on_display
Temple:   hellmonk_temple_divided_pantheon

Skill      XL: |  1  2  3  4  5  6  7  8 |
---------------+-------------------------+-----
Short Blades   | 2 3 4 5 7 |  7.0
Stealth        | 1 2 3 4 5 6 8 |  8.7
Fighting       | 2 3 4 5 |  5.0
Throwing       | |  0.8
Armour         | |  1.2
Dodging        | |  1.3
Spellcasting   | |  1.7
Translocations | |  3.0

Action                     |  1- 3 |  4- 6 |  7- 9 || total
---------------------------+-------+-------+-------++-------
  Melee: Short sword       |   183 |   132 |       ||   315
         Tailslap          |    27 |    14 |    32 ||    73
         Falchion          |       |     6 |   241 ||   247
  Throw: Dart              |       |     8 |     6 ||    14
    Use: Scroll            |     4 |     3 |     2 ||     9
         Potion            |       |     2 |     4 ||     6
   Stab: Sleeping          |     3 |     3 |     5 ||    11
         Distracted        |       |     1 |     1 ||     2
 Armour: Leather armour    |   111 |   118 |   308 ||   537
  Dodge: Dodged            |    64 |    69 |   144 ||   277

Table legend: (Time is in decaauts)
 A = Elapsed time spent in this place.
 B = Non-inter-level travel time spent in this place.
 C = Inter-level travel time spent in this place.
 D = Time resting spent in this place.
 E = Time spent auto-exploring this place.
 F = Levels seen in this place.
 G = Mean time per level.
                   A        B        C        D        E       F      G
               +--------+--------+--------+--------+--------+-----+--------+
         Total |   6592 |   6285 |    307 |   1477 |   3347 |   8 |  824.0 |
       Dungeon |   6590 |   6283 |    307 |   1477 |   3347 |   7 |  941.4 |
        Temple |      1 |      1 |      0 |      0 |      0 |   1 |    1.0 |
               +--------+--------+--------+--------+--------+-----+--------+

Top non-repeatable levels by time:
     D:4: 1315 daAuts
     D:5: 1278 daAuts
     D:3: 1242 daAuts
     D:1: 1067 daAuts
     D:2: 821 daAuts
     D:6: 758 daAuts
     D:7: 107 daAuts
  Temple: 1 daAuts
